[Event "Prague Open 2024"]
[Site "Prague"]
[Date "2024.01.10"]
[Round "7.5"]
[White "Keller, Peter"]
[Black "Koridze, Lile"]
[Result "1-0"]
[ECO "B90"]
[WhiteElo "2289"]
[BlackElo "2152"]
[Annotator "RC"]
[PlyCount "65"]
[EventDate "2024.01.02"]
[EventType "swiss"]
[EventCountry "CZE"]
[SourceTitle "playchess.com"]
[Source "ChessBase"]
[SourceQuality "1"]
[TimeControl "40/5400+30:1800+30"]

1. e4 c5 2. Nf3 d6 3. d4 cxd4 4. Nxd4 Nf6 5. Nc3 a6 6. f3 e5 7. Nb3 Be6 8. Be3 Nbd7 9. Qd2 h5 10. Nd5 Bxd5 11. exd5 g6 12. O-O-O Qc7 13. Kb1 a5 14. a4 Bg7 15. h4 Nb6 16. Bb5+ Kf8 17. c4 Kg8 18. c5 Nc8 19. Rc1 Ne7 20. cxd6 Qxd6 21. Bc5 Qxd5 22. Bxe7 Qxb3 23. Rc7 Qd5 24. Qc2 Qd4 25. Bxf6 Bxf6 26. Bc4 Rh7 27. Qxg6+ Bg7 28. Bxf7+ Kh8 29. Rhc1 Rd8 30. Rc8 e4 31. Rxd8+ Qxd8 32. Qe6 Rh6 33. Rc8 1-0

[Event "Prague Open 2024"]
[Site "Prague"]
[Date "2024.01.10"]
[Round "7.6"]
[White "Poetsch, Hagen"]
[Black "Golis, Wiktor"]
[Result "1-0"]
[ECO "B12"]
[WhiteElo "2471"]
[BlackElo "2123"]
[Annotator "TA"]
[PlyCount "83"]
[EventDate "2024.01.02"]
[EventType "swiss"]
[EventCountry "CZE"]
[SourceTitle "playchess.com"]
[Source "ChessBase"]
[SourceQuality "1"]
[TimeControl "40/5400+30:1800+30"]

1. e4 c6 2. d4 d5 3. e5 Bf5 4. Nd2 e6 5. Nb3 Nd7 6. Nf3 h6 {[%emt 0:06:44] B12: Caro-Kann: Advance Variation.} 7. Be2 Ne7 8. O-O Nc8 {[%emt 0:06:32] White is slightly better.} 9. a4 Be7 10. a5 a6 11. Be3 Qc7 12. Ne1 Na7 13. Bd3 Bxd3 14. Nxd3 {[%emt 0:00:07] [#]} O-O-O $146 ({Predecessor:} 14... Nb5 15. f4 g6 16. Qc1 h5 17. h3 Qd8 18. Qe1 Rc8 19. g3 Kf8 20. Qe2 Kg7 {1-0 Balzert,A (2300)-Rodriguez Rey,J (2318) GER-ESP email 2017 [8]}) 15. Rc1 g5 16. c4 (16. f4 $16 {Black must now prevent fxg5.} f5 17. exf6 Bxf6 18. Ne5) 16... Kb8 {[%emt 0:08:24] White leaves nothing to chance now.} (16... dxc4 $11 17. Rxc4 Nb5) 17. cxd5 $16 exd5 18. f4 f5 (18... Rh7 $16 19. f5 Re8) 19. fxg5 $18 Bxg5 (19... hxg5 $142 20. Rxf5 Rdf8 21. Rxf8+ Nxf8) 20. Bxg5 hxg5 21. Rxf5 Nf8 22. Rxg5 Ne6 23. Rg4 Qh7 24. h3 Nb5 25. Ndc5 Nxc5 26. Nxc5 Qh6 27. Rc2 Ka8 28. Qd2 Qh7 29. Qd3 Qh6 (29... Qxd3 $142 30. Nxd3 Rdg8 31. Rxg8+ Rxg8) 30. Qd2 Qh7 $1 31. Qd3 (31. Qc1 $142) 31... Qh6 $1 32. Qg3 Qh7 33. Rf2 Rdg8 34. Ne6 {[%emt 0:07:21] [#] Rxg8+ is the strong threat.} Rxg4 35. Qxg4 Qd3 (35... Kb8 $142 36. Kh2 Rc8) 36. Qg7 Rb8 37. Rf8 Qb1+ 38. Kh2 {[%emt 0:00:05] [#] Nc5 would kill now.} Qxb2 39. Nc5 {[%emt 0:01:09][%csl Gc5][%cal Rg7b7] White mates.} Nxd4 40. Rxb8+ Kxb8 41. Nd7+ Ka7 42. Qh8 {[%emt 0:00:47] Weighted Error Value: White=0.51/Black=0.35} 1-0

[Event "Prague Open 2024"]
[Site "Prague"]
[Date "2024.01.10"]
[Round "7.7"]
[White "Neuman, Petr"]
[Black "Eropunov, Gleb"]
[Result "1/2-1/2"]
[ECO "B42"]
[WhiteElo "2398"]
[BlackElo "2052"]
[Annotator "RC"]
[PlyCount "64"]
[EventDate "2024.01.02"]
[EventType "swiss"]
[EventCountry "CZE"]
[SourceTitle "playchess.com"]
[Source "ChessBase"]
[SourceQuality "1"]
[TimeControl "40/5400+30:1800+30"]

1. e4 c5 2. Nf3 e6 3. d4 cxd4 4. Nxd4 a6 5. Bd3 Bc5 6. Nb3 Ba7 7. O-O Nc6 8. Qe2 d6 9. Be3 Bxe3 10. Qxe3 Nge7 11. f4 O-O 12. N1d2 Nb4 13. Nf3 b5 14. Rfc1 Nxd3 15. cxd3 Bd7 16. Qd4 Qb8 17. Na5 Ra7 18. Rc3 Rc8 19. Rac1 Rac7 20. b4 Ng6 21. Rxc7 Rxc7 22. Qe3 Qc8 23. Rxc7 Qxc7 24. Qd2 f6 25. d4 Ne7 26. a3 Bc8 27. Kf2 Bb7 28. Qa2 Bc8 29. Qb2 Bb7 30. Qb3 Bc8 31. Qb2 Bb7 32. Qb3 Bc8 1/2-1/2

[Event "Prague Open 2024"]
[Site "Prague"]
[Date "2024.01.10"]
[Round "7.8"]
[White "Wang, Yukun"]
[Black "Vojta, Jakub"]
[Result "1/2-1/2"]
[ECO "B15"]
[WhiteElo "2117"]
[BlackElo "2261"]
[Annotator "TA"]
[PlyCount "98"]
[EventDate "2024.01.02"]
[EventType "swiss"]
[EventCountry "CZE"]
[SourceTitle "playchess.com"]
[Source "ChessBase"]
[SourceQuality "1"]
[TimeControl "40/5400+30:1800+30"]

1. e4 c6 2. d4 d5 3. Nc3 dxe4 4. Nxe4 Nf6 5. Nxf6+ exf6 6. c3 Bd6 7. Bd3 O-O 8. Ne2 Re8 9. O-O {B15: Caro-Kann: 3 Nc3: 3...g6 and 3...dxe4 4 Nxe4 Nf6 5 Nxf6+ exf6.} Nd7 10. Bf4 Nf8 11. Qd2 Ng6 12. Bxd6 Qxd6 13. f4 f5 14. Ng3 Ne7 {[#]} 15. Rae1 $146 ({Predecessor:} 15. Bc4 b5 16. Bb3 Nd5 17. Bxd5 Qxd5 18. Rfe1 Be6 19. Re5 Qd7 20. a3 f6 21. Re2 {½-½ Vommaro,S (2083)-Lira,S (1858) Wch U14 Montesilvano 2023 (7)}) 15... Be6 16. Rf2 g6 17. b3 b5 18. Ne2 a5 19. c4 bxc4 20. bxc4 Reb8 21. Qc3 Qb4 22. Rc1 Nc8 23. a3 {[#]} (23. d5 $11 cxd5 24. c5) 23... Qxc3 $1 $17 24. Rxc3 Nd6 25. Nc1 Ne4 26. Bxe4 fxe4 27. Rd2 $1 a4 28. Kf2 Rb1 29. Ke3 $1 Bf5 30. Na2 Rc8 31. Nb4 c5 32. dxc5 Rxc5 33. Kd4 Rc8 34. Nd5 {[#] Ne7+ would be deadly.} Kf8 {Inhibits Ne7.} 35. c5 Rb5 (35... Rb3 $142) 36. g3 Rd8 {And now ...Be6 would win.} 37. Ke3 Rb3 38. c6 $1 ({Reject} 38. Rxb3 axb3 39. Nc3 Rxd2 40. Kxd2 e3+ 41. Kxe3 b2 $17) 38... Rxc3+ (38... Rxd5 $2 39. Rxb3 Rc5 40. Rb6 $18) (38... Rd6 $11) 39. Nxc3 $11 {[%mdl 4096] Endgame KRB-KRN} Rc8 40. Rd6 $1 {[%cal Oc3d5] Nd5! is the strong threat. White is much more active.} ({Don't play} 40. Nxe4 $6 Rxc6 41. Rd8+ Kg7 $11) 40... Ke7 41. Nxe4 (41. Nb5 $16) 41... Bxe4 $16 {KRB-KR. The position is equal.} 42. Rd7+ Ke6 43. Kxe4 Rxc6 $11 {KR-KR} 44. Ra7 Rc2 45. Ra6+ Ke7 46. Rxa4 Rxh2 47. Ra7+ Kf6 48. a4 h5 49. Ra6+ Kg7 {Weighted Error Value: White=0.11 (very precise) /Black=0.11 (very precise)} 1/2-1/2

[Event "Prague Open 2024"]
[Site "Prague"]
[Date "2024.01.10"]
[Round "7.10"]
[White "Krstic, Andrija Marko"]
[Black "Xie, Felix"]
[Result "1/2-1/2"]
[ECO "D97"]
[WhiteElo "2113"]
[BlackElo "2249"]
[Annotator "RC"]
[PlyCount "85"]
[EventDate "2024.01.02"]
[EventType "swiss"]
[EventCountry "CZE"]
[SourceTitle "playchess.com"]
[Source "ChessBase"]
[SourceQuality "1"]
[TimeControl "40/5400+30:1800+30"]

1. d4 Nf6 2. c4 g6 3. Nc3 d5 4. Nf3 Bg7 5. Qb3 dxc4 6. Qxc4 Nc6 7. e4 O-O 8. Be2 e5 9. d5 Nd4 10. O-O c6 11. dxc6 Be6 12. Qd3 Nxf3+ 13. Qxf3 bxc6 14. Bg5 h6 15. Rfd1 Qe7 16. Bh4 g5 17. Bg3 Nd7 18. Qd3 Rfb8 19. b3 Bf8 20. Na4 f6 21. Rac1 Rc8 22. f3 Qa3 23. Qc2 Nb6 24. Nc5 Bf7 25. Bf2 Rd8 26. Nb7 Rxd1+ 27. Rxd1 Rc8 28. Rd8 Rxd8 29. Nxd8 Be8 30. Ne6 Be7 31. Nc5 Bf7 32. Be3 Kg7 33. Kf2 Nc4 34. Bxc4 Bxc5 35. Bxf7 Bxe3+ 36. Kxe3 Kxf7 37. Qxc6 Qxa2 38. Qd7+ Kg6 39. Qe8+ Kg7 40. Qe7+ Kg6 41. Qe8+ Kg7 42. Qe7+ Kg6 43. Qe8+ 1/2-1/2

[Event "Prague Open 2024"]
[Site "Prague"]
[Date "2024.01.10"]
[Round "7.11"]
[White "Tolmacevs, Artjoms"]
[Black "Eliseev, Sergey"]
[Result "0-1"]
[ECO "B51"]
[WhiteElo "1928"]
[BlackElo "2232"]
[Annotator "TA"]
[PlyCount "54"]
[EventDate "2024.01.02"]
[EventType "swiss"]
[EventCountry "CZE"]
[SourceTitle "playchess.com"]
[Source "ChessBase"]
[SourceQuality "1"]
[TimeControl "40/5400+30:1800+30"]

1. e4 c5 2. Nf3 d6 3. Bb5+ Nd7 4. Ba4 Ngf6 5. O-O a6 6. c4 {[%emt 0:00:42] B51: Sicilian: Moscow Variation (3 Bb5+) without 3...Bd7.} e5 {[%emt 0:02:40] 6...e6 is a critical line.} ({Don't take} 6... b5 7. cxb5 Nb6 8. bxa6+ Nxa4 9. Qxa4+ Qd7 10. Qxd7+ Kxd7 11. Nc3 $14) 7. Nc3 g6 8. d3 {[%emt 0:02:27] White is slightly better.} Bg7 9. Ne1 {[%emt 0:03:19] [#]} Nh5 $146 ({Predecessor:} 9... O-O 10. f4 Nb6 11. fxe5 Ng4 12. h3 Nxe5 13. Bb3 Be6 14. Nd5 Bxd5 15. cxd5 Nbd7 {½-½ Sredojevic,I (2251)-Eric,J (2228) SRB-ch sf Novi Banovci 2023 (5)}) 10. Nd5 O-O 11. f4 (11. Bxd7 $11 Bxd7 12. b3) 11... Nxf4 $17 12. Nxf4 exf4 13. Bxd7 {[%emt 0:02:37] White is on the road to losing.} Qxd7 14. Rxf4 ({White should try} 14. Bxf4 b5 15. Qc2) 14... b5 15. Nf3 (15. Qb3 $17) 15... Qe7 {[%emt 0:12:50] Hoping for ...g5.} 16. Qc2 $2 {[%emt 0:08:35] [#]} (16. Nd2) 16... g5 $19 17. Nxg5 Qxg5 18. Rf3 Qe7 ({Not} 18... Bd4+ $2 19. Kh1 Qh5 20. Bf4 $19) 19. Bf4 Kh8 20. Raf1 Be6 21. Qd2 Rg8 22. Kh1 Be5 23. Bxe5+ dxe5 24. Rf6 (24. Qc3 {was necessary.} Qg5 25. Rg3) 24... Rg6 25. Rxg6 fxg6 26. Qc3 Qd6 27. h3 Kg7 {[%emt 0:01:03] Weighted Error Value: White=0.51/Black=0.29 (precise)} 0-1

[Event "Prague Open 2024"]
[Site "Prague"]
[Date "2024.01.10"]
[Round "7.12"]
[White "Rakovsky, Jakub"]
[Black "Platonovs, Nikolajs"]
[Result "1-0"]
[ECO "B90"]
[WhiteElo "2157"]
[BlackElo "1852"]
[Annotator "TA"]
[PlyCount "51"]
[EventDate "2024.01.02"]
[EventType "swiss"]
[EventCountry "CZE"]
[SourceTitle "playchess.com"]
[Source "ChessBase"]
[SourceQuality "1"]
[TimeControl "40/5400+30:1800+30"]

1. e4 c5 2. Nf3 d6 3. d4 cxd4 4. Nxd4 Nf6 5. Nc3 a6 6. Bd3 e5 7. Nde2 Be7 8. O-O O-O 9. Ng3 {[%emt 0:00:05] B90: Sicilian Najdorf: Unusual White 6th moves, 6 Be3 Ng4 and 6 Be3 e5.} Be6 {[%emt 0:01:39] [#]} 10. Nd5 $1 Nxd5 11. exd5 {[%emt 0:00:11] The position is equal.} Bc8 12. f4 exf4 13. Bxf4 {[%emt 0:02:47] [#]} Re8 $146 (13... Qb6+ 14. Kh1 $16) (13... Nd7 $11) ({Predecessor:} 13... Nd7 14. Nf5 Ne5 15. Nxe7+ Qxe7 16. Qd2 b5 17. b3 Bg4 18. Bxe5 dxe5 19. h3 Bh5 {½-½ Evans,D (2409)-Ellis,L (2363) BCCA/BL/Ch19 2019 [8]}) 14. Nh5 {[%emt 0:11:47][%cal Oh5g7] Threatens to win with Nxg7!} (14. Qh5 g6 15. Qf3 Nd7 $14) 14... g6 {[%emt 0:09:28] [#]} (14... Qb6+ $2 15. Kh1 g6 16. Qf3 $18 (16. Re1 Nd7 $14)) (14... f5 $142) 15. Qf3 $1 $18 f5 {[%emt 0:07:02] [#]} (15... Nd7 16. Bxd6) 16. Rae1 $1 Rf8 (16... Nd7 17. Bxf5) 17. Bh6 $2 (17. Rxe7 $18 {[%cal Of3e3] and White stays clearly on top. Qe3! would kill now.} Qxe7 18. Qg3) 17... Rf7 {[%emt 0:02:09] [#]} (17... Nd7 $16) 18. Nf4 ({White should try} 18. Qe3 $1 $18 Nd7 19. Bxf5) 18... Qb6+ 19. Kh1 {[%emt 0:01:42] Active counter play!} Nd7 20. Qg3 {[%emt 0:04:22][%cal Of4g6] Threatening mate with Nxg6!} ({Don't go for} 20. Bxf5 $2 Ne5 21. Bxg6 Nxf3 $19) 20... Ne5 21. Ne6 (21. h4 $16) 21... Ng4 {[%emt 0:15:42] [#]} (21... Qxb2 $14 22. Bxf5 Bd7) 22. Bxf5 $1 {[%emt 0:06:47][%cal Bd3f5,Bf5g6,Bg6f7][%mdl 608] Remove Defender} Nxh6 {[%emt 0:00:41] [#]} (22... Rxf5 23. Qxg4) 23. Bxg6 $40 {[%emt 0:00:30][%mdl 640] White attacks with force.} Rxf1+ 24. Rxf1 {[%emt 0:00:07] White wants to mate with Bf7+.} Bxe6 (24... hxg6 $2 {is a self mate.} 25. Qxg6+ Kh8 26. Qg7#) (24... Qxb2 $18 25. Bxh7+ {[%mdl 64] Decoy} Kxh7 26. Qd3+ Kh8) 25. Bf7+ Kh8 26. Qc3+ {[%emt 0:00:23] A cool game by Rakovsky.   Weighted Error Value: White=0.28 (precise) /Black=0.68} 1-0

[Event "Prague Open 2024"]
[Site "Prague"]
[Date "2024.01.10"]
[Round "7.13"]
[White "Arndt, Stefan"]
[Black "Khandhar, Kaushal"]
[Result "0-1"]
[ECO "D02"]
[WhiteElo "2130"]
[BlackElo "1840"]
[Annotator "TA"]
[PlyCount "82"]
[EventDate "2024.01.02"]
[EventType "swiss"]
[EventCountry "CZE"]
[SourceTitle "playchess.com"]
[Source "ChessBase"]
[SourceQuality "1"]
[TimeControl "40/5400+30:1800+30"]

1. d4 d5 2. Nf3 Nf6 3. c4 e6 4. e3 Be7 5. b3 O-O 6. Bd3 dxc4 7. bxc4 c5 8. O-O Nc6 9. Bb2 b6 10. Nbd2 Bb7 11. Rc1 Qd7 {[%emt 0:07:03] [#] E14: Queen's Indian: Classical Variation (4 e3).} 12. Qe2 $146 ({Predecessor:} 12. Bb1 Rfd8 13. a3 Rab8 14. Qc2 g6 15. Rfd1 Qc7 16. Qc3 Ne8 17. Ne4 Bf8 18. dxc5 Bg7 19. Qc2 Bxb2 20. Qxb2 {0-1 Plock,J-Rudnicki,M Tierpark op 2nd 1998}) 12... Rfd8 13. Rfd1 cxd4 {[%emt 0:07:20] The position is equal.} 14. exd4 Rac8 15. Nf1 Qe8 16. Ne3 Qf8 17. Bb1 (17. d5 $1 $14 Nb4 18. Bb1) 17... Na5 $11 {[%emt 0:09:05] [#]} 18. d5 $1 {[%emt 0:03:31][%mdl 64] Deflection} exd5 19. Nf5 (19. Bf5 {simplifies} Rc6 20. Nxd5 Nxd5 21. cxd5 Rxd5 22. Bxh7+ Kxh7 23. Rxd5 Rxc1+ 24. Bxc1 Bxd5 25. Qd3+) 19... Re8 (19... Nxc4 $2 20. Nxe7+ Kh8 21. Bxf6 gxf6 22. Qd3 $18) 20. Qc2 (20. Qd3 $11 {keeps the balance.} dxc4 21. Qc3) 20... Rxc4 $17 21. Qd3 {[%emt 0:00:10] [#]} g6 $1 22. Ne5 $2 {[%emt 0:05:37][%mdl 8192] This move loses the game for White.} (22. Nxe7+ $17 {is a better defense.} Qxe7 23. Qd2) 22... gxf5 $19 23. Qxf5 {[%emt 0:01:02] aiming for Rxc4.} Bc8 24. Qf3 {[%emt 0:02:48] [#]} (24. Qg5+ {was forced.} Qg7 25. Qxg7+ Kxg7 26. Nxc4 Nxc4 27. Bxf6+ Kxf6 28. Rxd5) 24... Qg7 25. Nxc4 Nxc4 ({Weaker is} 25... dxc4 26. Re1 Be6 27. Bf5 $14) 26. Rxc4 (26. Bxf6 {was the only defense.} Bxf6 27. Qxd5) 26... dxc4 {[%emt 0:00:25] Black is clearly winning.} 27. Qc6 Kf8 28. Re1 Be6 29. Re5 Rd8 30. Bc2 {[%emt 0:03:20] Dodges Rd1+} Ng4 31. Rb5 Qh6 {[%emt 0:00:44] ( -> ...Qd2)} 32. h3 {[%emt 0:02:06] [#]} Nxf2 $1 33. Qf3 Nd3 34. Rh5 Bc5+ 35. Kh1 Qe3 36. Qxe3 Bxe3 37. Bf6 Rd5 38. Rxh7 Ke8 {[%emt 0:00:18] Strongly threatening ...Rf5.} 39. Rh8+ Kd7 {[%emt 0:00:04] White must now prevent ...Rf5.} 40. Ra8 b5 41. Kh2 Bb6 {[%emt 0:31:02] Weighted Error Value: White=1.02/Black=0.48} 0-1

[Event "Prague Open 2024"]
[Site "Prague"]
[Date "2024.01.10"]
[Round "7.14"]
[White "Gomes, Mary Ann"]
[Black "Ye, Fan"]
[Result "1-0"]
[ECO "A06"]
[WhiteElo "2332"]
[BlackElo "1660"]
[Annotator "RC"]
[PlyCount "97"]
[EventDate "2024.01.02"]
[EventType "swiss"]
[EventCountry "CZE"]
[SourceTitle "playchess.com"]
[Source "ChessBase"]
[SourceQuality "1"]
[TimeControl "40/5400+30:1800+30"]

1. Nf3 d5 2. g3 Nf6 3. Bg2 g6 4. b3 c5 5. Bb2 Bg7 6. O-O O-O 7. e3 Nc6 8. Qe2 a5 9. Ne5 Nxe5 10. Bxe5 a4 11. Nc3 axb3 12. axb3 Rxa1 13. Rxa1 Bf5 14. d3 Qd7 15. Ra7 Be6 16. Na4 Qc8 17. c4 Rd8 18. Qf1 Qc6 19. Qa1 h5 20. Ra5 h4 21. Rxc5 Qa6 22. cxd5 h3 23. dxe6 hxg2 24. exf7+ Kxf7 25. Rc1 Qxd3 26. Nc5 Qe2 27. Re1 Qh5 28. Bxf6 Bxf6 29. Qc1 Rd5 30. Nxb7 Kg7 31. Kxg2 Rb5 32. Qc6 Rxb3 33. Nd8 Qa5 34. Rd1 Rb6 35. Qc4 Qf5 36. Rd5 Qb1 37. Rd2 Qe1 38. Qf7+ Kh6 39. Qf8+ Kh7 40. Qf7+ Kh6 41. Qd5 Rb1 42. Qd3 Qh1+ 43. Kh3 Rb4 44. f4 Qf3 45. Nf7+ Kg7 46. Ng5 Qb7 47. Qd5 Qc8+ 48. Kg2 Qc1 49. Qf7+ 1-0

[Event "Prague Open 2024"]
[Site "Prague"]
[Date "2024.01.10"]
[Round "7.15"]
[White "Vidruska, Renate"]
[Black "Shagbazyan, Taron"]
[Result "0-1"]
[ECO "B15"]
[WhiteElo "1972"]
[BlackElo "2403"]
[Annotator "RC"]
[PlyCount "62"]
[EventDate "2024.01.02"]
[EventType "swiss"]
[EventCountry "CZE"]
[SourceTitle "playchess.com"]
[Source "ChessBase"]
[SourceQuality "1"]
[TimeControl "40/5400+30:1800+30"]

1. e4 c6 2. d4 d5 3. Nd2 dxe4 4. Nxe4 Nf6 5. Nxf6+ exf6 6. c3 Bd6 7. Bd3 O-O 8. Qc2 Re8+ 9. Ne2 h5 10. O-O h4 11. h3 Nd7 12. Bd2 Nf8 13. Rae1 Bd7 14. f4 b5 15. c4 bxc4 16. Bxc4 f5 17. b4 Nh7 18. Qb3 Be6 19. Nc1 Bxc4 20. Qxc4 Qd7 21. Nb3 Nf6 22. Rc1 Rac8 23. Rf3 Nh5 24. d5 cxd5 25. Qxd5 Rxc1+ 26. Bxc1 Re1+ 27. Kf2 Rh1 28. Be3 Nf6 29. Qa8+ Kh7 30. Qxa7 Ne4+ 31. Ke2 Qb5# 0-1

[Event "Prague Open 2024"]
[Site "Prague"]
[Date "2024.01.10"]
[Round "7.16"]
[White "Grave, Jacob Templen"]
[Black "Piotraschke, Jens"]
[Result "1-0"]
[ECO "E06"]
[WhiteElo "2296"]
[BlackElo "2056"]
[Annotator "RC"]
[PlyCount "103"]
[EventDate "2024.01.02"]
[EventType "swiss"]
[EventCountry "CZE"]
[SourceTitle "playchess.com"]
[Source "ChessBase"]
[SourceQuality "1"]
[TimeControl "40/5400+30:1800+30"]

1. d4 Nf6 2. c4 e6 3. g3 d5 4. Bg2 Be7 5. Nf3 O-O 6. O-O dxc4 7. Qc2 a6 8. a4 Bd7 9. Rd1 Bc6 10. Nc3 a5 11. e4 Na6 12. Ne5 Nb4 13. Qe2 Nd3 14. Nxc4 Nxc1 15. Raxc1 Bb4 16. b3 Qe7 17. Ne5 Be8 18. Nd3 Ba3 19. Rc2 c6 20. Nb1 Bb4 21. Nxb4 Qxb4 22. Qc4 Qb6 23. Nd2 Bd7 24. Qc3 Rfd8 25. Nc4 Qa7 26. e5 Nd5 27. Bxd5 cxd5 28. Nd6 Bc6 29. Qe3 Qb6 30. h4 Qc7 31. Qf4 Rf8 32. h5 h6 33. Rdc1 Ra6 34. Rc3 Qe7 35. Re3 Qg5 36. Qxg5 hxg5 37. f4 g4 38. f5 Kh7 39. Rf1 Raa8 40. Rf4 Kg8 41. f6 gxf6 42. Rxf6 Ra6 43. Rf4 Rb6 44. Rxg4+ Kh7 45. Rf4 Rb4 46. Nxf7 Rg8 47. Nd6 Kh6 48. g4 Kg5 49. Ref3 Be8 50. Rf8 Rxf8 51. Rxf8 Bc6 52. Nf7+ 1-0

[Event "Prague Open 2024"]
[Site "Prague"]
[Date "2024.01.10"]
[Round "7.17"]
[White "Morchiashvili, Bachana"]
[Black "Husa, Daniel"]
[Result "1-0"]
[ECO "D26"]
[WhiteElo "2295"]
[BlackElo "2040"]
[Annotator "RC"]
[PlyCount "65"]
[EventDate "2024.01.02"]
[EventType "swiss"]
[EventCountry "CZE"]
[SourceTitle "playchess.com"]
[Source "ChessBase"]
[SourceQuality "1"]
[TimeControl "40/5400+30:1800+30"]

1. d4 d5 2. Nf3 Nf6 3. c4 dxc4 4. e3 e6 5. Bxc4 c5 6. Qe2 a6 7. dxc5 Bxc5 8. O-O Nbd7 9. e4 b5 10. Bd3 Bb7 11. Bg5 Bd6 12. Nbd2 Qb8 13. a4 b4 14. Nc4 Bc7 15. Bc2 a5 16. b3 Ba6 17. Rad1 Nb6 18. Bd3 Nfd7 19. Nd6+ Bxd6 20. Bxa6 O-O 21. Bb5 Ne5 22. Nd4 Ng6 23. g3 h6 24. Be3 Bc7 25. Bc6 Ra7 26. Nb5 Ne5 27. Rc1 Nxc6 28. Rxc6 Rb7 29. Nxc7 Nxa4 30. bxa4 Rxc7 31. Bf4 b3 32. Bxc7 Qb4 33. Bd6 1-0

[Event "Prague Open 2024"]
[Site "Prague"]
[Date "2024.01.10"]
[Round "7.18"]
[White "Jun, Rudolf"]
[Black "Janik, Marek Tobias"]
[Result "1-0"]
[ECO "C42"]
[WhiteElo "2283"]
[BlackElo "2038"]
[Annotator "RC"]
[PlyCount "81"]
[EventDate "2024.01.02"]
[EventType "swiss"]
[EventCountry "CZE"]
[SourceTitle "playchess.com"]
[Source "ChessBase"]
[SourceQuality "1"]
[TimeControl "40/5400+30:1800+30"]

1. e4 e5 2. Nf3 Nf6 3. Nxe5 d6 4. Nf3 Nxe4 5. d3 Nf6 6. d4 d5 7. h3 h6 8. Bd3 Bd6 9. O-O O-O 10. Re1 Be6 11. Nc3 c6 12. Ne5 Nbd7 13. f4 Nb6 14. f5 Bd7 15. Bf4 Qc7 16. Qf3 Rae8 17. a4 Nc4 18. Bxc4 dxc4 19. g4 Bc8 20. a5 Nd7 21. Qg3 Nf6 22. Re2 Nh7 23. Ne4 Ng5 24. Rae1 f6 25. Nxd6 Qxd6 26. Ng6 Qxd4+ 27. Be3 Rxe3 28. Qxe3 Nf3+ 29. Kf2 Qxe3+ 30. Rxe3 Nxe1 31. Nxf8 Kxf8 32. Rxe1 h5 33. Re4 b5 34. axb6 axb6 35. Rxc4 Bd7 36. gxh5 b5 37. Rf4 Ke7 38. c3 c5 39. Ke3 Bc6 40. h6 gxh6 41. Rh4 1-0

[Event "Prague Open 2024"]
[Site "Prague"]
[Date "2024.01.10"]
[Round "7.19"]
[White "Brnusak, Tomas"]
[Black "Kirtadze, Anastasia"]
[Result "0-1"]
[ECO "B40"]
[WhiteElo "2229"]
[BlackElo "1981"]
[Annotator "TA"]
[PlyCount "78"]
[EventDate "2024.01.02"]
[EventType "swiss"]
[EventCountry "CZE"]
[SourceTitle "playchess.com"]
[Source "ChessBase"]
[SourceQuality "1"]
[TimeControl "40/5400+30:1800+30"]

1. e4 c5 2. Nf3 e6 3. b3 Nc6 4. Bb2 a6 5. c4 Qc7 6. Nc3 Nf6 7. Be2 Nd4 8. Bd3 d6 9. Nxd4 cxd4 10. Ne2 e5 11. O-O g5 12. Rc1 h5 13. b4 Bd7 14. Qb3 h4 15. f4 gxf4 16. Nxf4 exf4 17. Bxd4 Be7 18. Qb2 Rh6 19. Rxf4 Ng4 20. Be2 Rg6 21. Rcf1 Be6 22. c5 dxc5 23. Bxc5 Bf6 24. d4 Bg5 25. d5 Bxf4 26. Qh8+ Kd7 27. dxe6+ Kc6 28. Qc3 Bd2 29. Qh3 b6 30. Bxg4 bxc5 31. bxc5 Qe5 32. exf7 Qd4+ 33. Kh1 Rf6 34. Bf3 Qe5 35. Rd1 Rd8 36. Qg4 Rxf7 37. Qg6+ Rf6 38. Qh7 Ba5 39. Rb1 Bc7 0-1

[Event "Prague Open 2024"]
[Site "Prague"]
[Date "2024.01.10"]
[Round "7.20"]
[White "Dushatov, Timur"]
[Black "Matras, Ondrej"]
[Result "0-1"]
[ECO "C15"]
[WhiteElo "1976"]
[BlackElo "2185"]
[Annotator "RC"]
[PlyCount "92"]
[EventDate "2024.01.02"]
[EventType "swiss"]
[EventCountry "CZE"]
[SourceTitle "playchess.com"]
[Source "ChessBase"]
[SourceQuality "1"]
[TimeControl "40/5400+30:1800+30"]

1. e4 e6 2. d4 d5 3. Nc3 Bb4 4. Qd3 dxe4 5. Qxe4 Nf6 6. Qh4 Qd5 7. Nge2 Nc6 8. Be3 O-O 9. a3 Qa5 10. Bd2 Ne7 11. Rb1 Bxc3 12. Nxc3 Nf5 13. Qf4 Qb6 14. Ne2 Rd8 15. c3 Bd7 16. Nc1 Bb5 17. Nd3 Nxd4 18. cxd4 Rxd4 19. Qf3 Bxd3 20. Bxd3 Qd6 21. Qxb7 Rd8 22. Bc3 Rxd3 23. O-O Qb6 24. Qxb6 cxb6 25. Rbc1 Nd5 26. Be1 f6 27. f3 Nf4 28. Rc2 Rd1 29. Bg3 Rxf1+ 30. Kxf1 Nd5 31. Ke2 e5 32. Rc6 Kf7 33. a4 Ke7 34. a5 Kd7 35. Rc1 Rc8 36. Rxc8 Kxc8 37. axb6 axb6 38. Kd3 Kd7 39. h4 h5 40. Ke4 Ke6 41. b3 b5 42. Bh2 f5+ 43. Kd3 Nb4+ 44. Ke3 Kd5 45. Bg1 Nc2+ 46. Kd2 Nd4 0-1

[Event "Prague Open 2024"]
[Site "Prague"]
[Date "2024.01.11"]
[Round "8.1"]
[White "Pyrig, Roman"]
[Black "Mis, Mieszko"]
[Result "0-1"]
[ECO "B13"]
[WhiteElo "2154"]
[BlackElo "2301"]
[Annotator "RC"]
[PlyCount "112"]
[EventDate "2024.01.02"]
[EventType "swiss"]
[EventCountry "CZE"]
[SourceTitle "playchess.com"]
[Source "ChessBase"]
[SourceQuality "1"]
[TimeControl "40/5400+30:1800+30"]

1. e4 c6 2. d4 d5 3. exd5 cxd5 4. Bd3 Nf6 5. c3 Bg4 6. f3 Bh5 7. g4 Bg6 8. g5 Nfd7 9. f4 e6 10. Ne2 Nc6 11. h4 Bd6 12. h5 Bxd3 13. Qxd3 Qc7 14. Be3 O-O-O 15. Nd2 Kb8 16. a3 Ne7 17. O-O-O Nb6 18. Kb1 Rc8 19. Rhf1 Nf5 20. Bg1 Qc6 21. Rc1 Be7 22. Rc2 Nd6 23. Ka1 Qa4 24. b3 Qd7 25. a4 f6 26. Bh2 f5 27. Ng1 Ne4 28. Ngf3 Qe8 29. Ne5 Qxh5 30. a5 Na8 31. Nxe4 dxe4 32. Qd2 Nc7 33. c4 Na6 34. c5 Rhd8 35. b4 Qe8 36. Rb1 Qb5 37. Bg1 h6 38. Be3 Nc7 39. Nc4 Nd5 40. Rb3 Rf8 41. g6 Rfd8 42. Na3 Qe8 43. Ka2 Bf6 44. Rc4 Qxg6 45. b5 Nxe3 46. Rxe3 e5 47. a6 Qf7 48. Rb3 Rxd4 49. Rxd4 exd4 50. Qb4 b6 51. cxb6 axb6 52. a7+ Kxa7 53. Kb1 Qc7 54. Qa4+ Kb8 55. Rb4 Qc1+ 56. Ka2 d3 0-1